 Dungeon Crawl Stone Soup version 0.30-a0-23-ge60ba3568b (webtiles) character file.

Game seed: 9635567115530291188

71710 freelancePsychic the Severer (level 15, -15/217 HPs)
             Began as a Hill Orc Berserker on Aug 25, 2022.
             Was a High Priest of Trog.
             Demolished by a dire elephant simulacrum (34 damage)
             ... in an ice cave.
             The game lasted 00:37:45 (26488 turns).

freelancePsychic the Severer (Hill Orc Berserker)  Turns: 26488, Time: 00:37:46

Health: -15/217    AC: 22    Str: 22    XL:     15   Next: 37%
Magic:  15/15      EV:  6    Int:  7    God:    Trog [*****.]
Gold:   1392       SH: 17    Dex: 16    Spells: 14/14 levels left

rFire   . . .      SeeInvis +    a - +9 broad axe (vorpal)
rCold   . . .      Faith    .    U - +0 kite shield
rNeg    . . .      Spirit   .    B - +0 plate armour
rPois   .          Reflect  +    T - +2 helmet
rElec   .          Harm     .    (no cloak)
rCorr   +          Rampage  .    p - +2 pair of gloves
Will    +....                    (no boots)
Stlth   ..........               l - amulet of reflection
HPRegen 0.46/turn                g - ring of see invisible
MPRegen 0.14/turn                o - ring of resist corrosion

@: berserking (expiring), studying Throwing, very quick
A: no striking features
a: Renounce Religion, Berserk, Trog's Hand, Brothers in Arms


You were in an ice cave.
You worshipped Trog.
Trog was extremely pleased with you.
You visited 3 branches of the dungeon, and saw 22 of its levels.
You also visited: Bailey and Ice Cave.

You collected 2485 gold pieces.
You spent 1093 gold pieces at shops.

Inventory:

Hand Weapons
 a - a +9 vorpal broad axe (weapon)
 b - a +3 trident
 D - a +3 broad axe
Missiles
 e - 11 poisoned darts
 A - 2 javelins
 F - 3 throwing nets
 O - 14 boomerangs (quivered)
 W - 2 silver boomerangs
Armour
 n - a +0 ring mail
 p - a +2 pair of gloves (worn)
 B - a +0 plate armour (worn)
 T - a +2 helmet (worn)
 U - a +0 kite shield (worn)
Jewellery
 g - a ring of see invisible (left hand)
 j - a +6 ring of intelligence
 l - an amulet of reflection (around neck)
 o - a ring of resist corrosion (right hand)
 J - an amulet of faith
 K - a ring of flight
 N - a ring of fire
 Q - a +4 ring of protection
Wands
 c - a wand of polymorph (17)
 s - a wand of digging (6)
 z - a wand of charming (18)
 H - a wand of light (5)
 I - a wand of flame (4)
 Z - a wand of mindburst (3)
Scrolls
 h - 3 scrolls of poison
 r - 7 scrolls of teleportation {@r4}
 y - a scroll of magic mapping
 C - 2 scrolls of immolation
 L - a scroll of silence
 M - a scroll of summoning
 P - a scroll of fog
 V - a scroll of blinking
 X - a scroll of enchant armour
 Y - 2 scrolls of enchant weapon
Potions
 d - 7 potions of haste {@q3}
 f - 4 potions of flight
 i - 5 potions of lignification
 k - 5 potions of berserk rage
 m - a potion of ambrosia {unknown}
 q - 15 potions of curing {@q1}
 t - 3 potions of cancellation
 u - 2 potions of magic {unknown}
 w - 5 potions of mutation
 x - 4 potions of heal wounds {@q2}
 G - 3 potions of resistance
 R - 2 potions of invisibility
 S - 2 potions of might {unknown}
Miscellaneous
 v - a lightning rod (4/4)


   Skills:
 + Level 16.5 Fighting
 - Level 18.0 Axes
 * Level 10.5 Throwing
 - Level 11.1 Armour
 - Level 1.5 Dodging
 - Level 11.0 Shields
 - Level 10.0 Evocations


You had 14 spell levels left.
You didn't know any spells.
Your spell library was empty.

Dungeon Overview and Level Annotations

Branches:
Dungeon (15/15)            Temple (0/1) D:7            Lair (5/5) D:10
 Shoals (0/4) Lair:2        Snake (0/4) Lair:2        Slime (0/5) Lair:4
    Orc (2/2) D:12            Elf (0/3) Orc:2        Depths (0/4) D:15
 Bailey (visited)           IceCv (1/1)
 Vaults: D:13-14

Altars:
Cheibriados
Fedhas
Makhleb
The Shining One
Jiyva

Shops:
D:5 *   D:11 (   Orc:1 :   Orc:2 *:![

Annotations:
D:4 Eustachio
D:8 3 runed translucent doors, Veterankin's ghost, novice MiBe
Lair:1 2 runed translucent doors, Usemog's ghost, journeyman FoAK
Lair:2 exclusions: oklob plant and orange crystal statue


Message History

You slash the ice devil!
You kill the ice devil!
Trog accepts your kill.
You are engulfed in freezing vapours.
You slice the freezing wraith!!
You destroy the freezing wraith!
Trog accepts your kill.
You slash the alligator simulacrum!
You are engulfed in freezing vapours.
You are engulfed in freezing vapours.
You block the minotaur simulacrum's attack.
The minotaur simulacrum gores you but does no damage.
The alligator simulacrum bites you but does no damage.
You block the alligator simulacrum's attack.
The dire elephant simulacrum tramples you!
You stumble backwards!
You slash the dire elephant simulacrum!
The dire elephant simulacrum is severely damaged.
You slash the alligator simulacrum!
You are engulfed in freezing vapours.
You slice the dire elephant simulacrum!!
The dire elephant simulacrum vaporises!
Trog accepts your kill.
You slice the alligator simulacrum!!
The alligator simulacrum vaporises!
Trog accepts your kill.
You are engulfed in freezing vapours.
* * * LOW HITPOINT WARNING * * *
Your lightning rod (4/4) has regained one charge.
You are engulfed in freezing vapours.
* * * LOW HITPOINT WARNING * * *
You block the minotaur simulacrum's attack.
The minotaur simulacrum gores you.
* * * LOW HITPOINT WARNING * * *
The minotaur simulacrum freezes you!!!
* * * LOW HITPOINT WARNING * * *
You feel a strong urge to attack something.
You block the dire elephant simulacrum's attack.
The dire elephant simulacrum trunk-slaps you.
* * * LOW HITPOINT WARNING * * *
The dire elephant simulacrum freezes you!!
You die...

.§.°..°§##...#
#○..###...#
#.°.☼#○..##
##§..§☼.##
#.##.○## ##
##○°## ##§§#
##Z°## #@Z..#
#..........#
#............#
#.............#
..............##
..###........##
# ###...####
#####


You could see a dire elephant simulacrum and a minotaur simulacrum.

Vanquished Creatures
  An orc warlord (Bailey)
  Josephine (D:11)
  8 hydras
  A catoblepas (D:15)
  A death knight (D:15)
  2 two-headed ogres (D:10)
  A centaur warrior (D:14)
  Erica (Lair:2)
  6 death yaks (Lair:1)
  An orc high priest (Orc:2)
  Nergalle (Lair:2)
  A fire crab (Lair:5)
  7 skeletal warriors
  2 goliath frogs (Lair:5)
  2 spriggan simulacra (IceCv)
  4 orc knights
  9 ugly things (D:14)
  2 orc sorcerers (Orc:2)
  2 manticores
  4 elephants (Lair:5)
  3 black mambas
  An eye of devastation (Lair:2)
  22 cane toads
  3 freezing wraiths
  An unseen horror (D:11)
  Maggie (D:8)
  An anaconda simulacrum (IceCv)
  2 rime drakes
  5 komodo dragons
  An ice devil (IceCv)
  3 polar bears
  4 trolls
  A hornet (D:7)
  A wind drake (Lair:2)
  2 tyrant leeches (Lair:5)
  4 dream sheep (Lair:5)
  11 blink frogs
  3 shadows
  A centaur simulacrum (D:15)
  14 flying skulls (D:12)
  A dire elephant simulacrum (IceCv)
  8 wyverns
  A basilisk (Lair:2)
  12 yaks
  4 wraiths (D:11)
  A steam dragon (D:8)
  5 vampire mosquitoes (Lair:5)
  2 harpy simulacra (IceCv)
  A minotaur simulacrum (IceCv)
  15 water moccasins
  3 sky beasts
  19 orc warriors
  2 alligator simulacra (IceCv)
  4 ogres
  5 wolves (Lair:2)
  5 boggarts (D:15)
  4 phantoms
  A kobold brigand (D:6)
  15 bullfrogs
  2 necrophages
  A gnoll sergeant (D:12)
  4 scorpions
  8 wights
  A lindwurm simulacrum (IceCv)
  3 killer bees (D:9)
  2 electric eels
  3 howler monkeys
  3 lava snakes (Lair:2)
  A jelly (D:5)
  5 hounds
  7 orc priests
  2 gnoll boudas (D:6)
  4 iguanas
  Ijyb (D:4)
  6 orc wizards
  12 adders
  15 gnolls
  3 ufetubi
  A dart slug (D:4)
  37 orcs
  10 ball pythons
  7 endoplasms
  7 giant cockroaches
  16 goblins
  9 hobgoblins
  12 jackals
  18 kobolds
  2 quokkas
  4 bats
  6 frilled lizards
  3 rats
464 creatures vanquished.

Vanquished Creatures (collateral kills)
  2 hydras
  2 orc high priests (Orc:2)
  2 orc knights (Orc:2)
  3 orc sorcerers (Orc:2)
  2 water moccasins (Lair:2)
  A bullfrog (Lair:2)
  An orc priest (Orc:2)
  An orc wizard (Orc:2)
14 creatures vanquished.

Vanquished Creatures (others)
  A black mamba (shapeshifter) (D:15)
  22 fungi
  77 plants
100 creatures vanquished.

Grand Total: 578 creatures vanquished

Notes
Turn   | Place    | Note
-------+----------+-------------------------------------------
     0 | D:1      | freelancePsychic the Hill Orc Berserker began the quest for
                  | the Orb.
     0 | D:1      | Reached XP level 1. HP: 19/19 MP: 1/1
   167 | D:1      | Reached XP level 2. HP: 22/27 MP: 2/2
   216 | D:1      | Found a faded altar of an unknown god.
   534 | D:1      | Reached skill level 5 in Axes
   537 | D:1      | Reached XP level 3. HP: 33/33 MP: 3/3
   750 | D:1      | Reached ** piety under Trog
  1564 | D:2      | Reached XP level 4. HP: 37/41 MP: 4/4
  1902 | D:2      | Reached skill level 6 in Axes
  2437 | D:2      | Reached XP level 5. HP: 46/47 MP: 5/5
  3012 | D:3      | Reached skill level 5 in Fighting
  3965 | D:4      | Reached skill level 7 in Axes
  4354 | D:4      | Noticed Ijyb
  4426 | D:4      | Killed Ijyb
  4490 | D:4      | Reached XP level 6. HP: 56/56 MP: 6/6
  5408 | D:5      | Entered Level 5 of the Dungeon
  5432 | D:5      | Found Kyuqaica's Elemental Accessories.
  5468 | D:5      | Reached skill level 8 in Axes
  5471 | D:5      | Reached *** piety under Trog
  5631 | D:5      | Reached XP level 7. HP: 62/62 MP: 7/7
  5706 | D:5      | Noticed Eustachio
  6086 | D:5      | Reached skill level 9 in Axes
  6689 | D:6      | Reached XP level 8. HP: 48/71 MP: 8/8
  6928 | D:6      | Reached skill level 10 in Axes
  7401 | D:6      | Reached skill level 5 in Armour
  7466 | D:6      | Reached skill level 11 in Axes
  7764 | D:7      | Found a burning altar of Makhleb.
  7887 | D:7      | Found a blossoming altar of Fedhas.
  7923 | D:7      | Reached XP level 9. HP: 76/81 MP: 9/9
  7949 | D:7      | Found a staircase to the Ecumenical Temple.
  8232 | D:7      | Noticed a hornet
  8261 | D:7      | Paralysed by a hornet for 1 turns
  8262 | D:7      | Killed a hornet
  8263 | D:7      | Reached skill level 12 in Axes
  8771 | D:8      | Noticed Maggie
  8778 | D:8      | Reached skill level 1 in Evocations
  8793 | D:8      | Killed Maggie
  8968 | D:8      | Found a runed translucent gate.
  8968 | D:8      | Found a runed translucent gate.
  8970 | D:8      | Found a runed translucent gate.
  9162 | D:8      | Noticed Veterankin's ghost (novice MiBe)
  9510 | D:8      | Reached skill level 13 in Axes
 10238 | D:9      | Reached XP level 10. HP: 90/91 MP: 10/10
 10249 | D:8      | Reached **** piety under Trog
 10907 | D:9      | Identified the +10 war axe "Rousoc" {holy, *Rage Fragile
                  | SInv Stlth+}
 11065 | D:10     | Entered Level 10 of the Dungeon
 11076 | D:10     | Noticed a two-headed ogre
 11082 | D:10     | Killed a two-headed ogre
 11083 | D:10     | Reached skill level 14 in Axes
 11101 | D:10     | Found a flagged portal.
 11110 | Bailey   | Entered a bailey
 11131 | Bailey   | Noticed an orc warlord
 11330 | Bailey   | Found a runed translucent gate.
 11333 | Bailey   | Found a runed translucent gate.
 11335 | Bailey   | Found a runed translucent gate.
 11537 | Bailey   | Killed an orc warlord
 11538 | Bailey   | Reached skill level 10 in Fighting
 11588 | Bailey   | Identified the +10 hand axe of Earthquakes {vorpal, rCorr
                  | Dex+2}
 11590 | Bailey   | Reached skill level 17 in Axes
 11590 | Bailey   | Reached XP level 11. HP: 103/103 MP: 11/11
 11654 | D:10     | Noticed a two-headed ogre
 11665 | D:10     | Killed a two-headed ogre
 11889 | D:10     | Found a staircase to the Lair.
 12629 | D:5      | Bought a lightning rod (4/4) for 330 gold pieces
 12629 | D:5      | Bought a wand of flame (10) for 77 gold pieces
 12889 | D:11     | Found Tucygu's Antique Weapon Shop.
 12912 | D:11     | Noticed Josephine
 12916 | D:11     | Reached XP level 12. HP: 109/112 MP: 12/12
 12926 | D:11     | Killed Josephine
 12973 | D:11     | Noticed a four-headed hydra
 12979 | D:11     | Killed a four-headed hydra
 13026 | D:11     | Reached skill level 18 in Axes
 13884 | D:11     | Noticed a five-headed hydra
 13894 | D:11     | Killed a five-headed hydra
 14395 | D:12     | Found a staircase to the Orcish Mines.
 14638 | D:12     | Found the +3 giant club "Skullcrusher" {speed, Str+7}
 15109 | D:12     | Reached skill level 1 in Shields
 15922 | Lair:1   | Entered Level 1 of the Lair of Beasts
 15922 | Lair:1   | Noticed a death yak
 15922 | Lair:1   | Noticed a death yak
 15922 | Lair:1   | Noticed a death yak
 15922 | Lair:1   | Noticed a death yak
 15922 | Lair:1   | Noticed a death yak
 15922 | Lair:1   | Noticed a death yak
 15931 | Lair:1   | Killed a death yak
 15931 | Lair:1   | Killed a death yak
 15931 | Lair:1   | Killed a death yak
 15931 | Lair:1   | Killed a death yak
 15931 | Lair:1   | Killed a death yak
 15932 | Lair:1   | Reached skill level 5 in Shields
 15932 | Lair:1   | Reached XP level 13. HP: 114/122 MP: 13/13
 16133 | Lair:1   | Identified the +5 arbalest of the Briny Deep {vorpal, rF+}
 16370 | Lair:1   | Found a large runed translucent door.
 16370 | Lair:1   | Found a large runed translucent door.
 16372 | Lair:1   | Noticed Usemog's ghost (journeyman FoAK)
 16979 | Lair:2   | Found a staircase to the Snake Pit.
 17090 | Lair:2   | Noticed Nergalle
 17101 | Lair:2   | Killed Nergalle
 17169 | Lair:2   | Found a staircase to the Shoals.
 17828 | Lair:2   | Noticed Erica
 17837 | Lair:2   | Killed Erica
 17838 | Lair:2   | Reached skill level 10 in Evocations
 18059 | Lair:2   | Found a glowing golden altar of the Shining One.
 18199 | Lair:2   | Noticed Harold
 18207 | Lair:2   | Noticed Harold
 18207 | Lair:2   | Harold changed into Harold the eye of devastation
 18218 | Lair:2   | Killed Harold the eye of devastation
 19874 | Lair:4   | Reached skill level 10 in Armour
 20449 | Lair:4   | Reached XP level 14. HP: 109/133 MP: 14/14
 20675 | Lair:4   | Found a viscous altar of Jiyva.
 20675 | Lair:4   | Found a staircase to the Slime Pits.
 20965 | Lair:5   | Entered Level 5 of the Lair of Beasts
 21301 | Lair:5   | Reached skill level 10 in Shields
 21625 | Lair:5   | Reached skill level 15 in Fighting
 23102 | Lair:5   | Reached skill level 1 in Throwing
 23747 | Orc:1    | Entered Level 1 of the Orcish Mines
 23748 | Orc:1    | You fall into a shaft and drop 1 floor!
 23748 | Orc:2    | Entered Level 2 of the Orcish Mines
 23748 | Orc:2    | Found a staircase to the Elven Halls.
 23779 | Orc:1    | Found a burning altar of Makhleb.
 24100 | Orc:1    | Found Sicvuc's Book Emporium.
 24575 | Orc:2    | Reached skill level 5 in Throwing
 24630 | Orc:2    | Reached ***** piety under Trog
 25115 | Orc:2    | Reached XP level 15. HP: 143/143 MP: 15/15
 25119 | Orc:2    | Found Ocowiax's Armour Emporium.
 25119 | Orc:2    | Found Romirife's Assorted Antiques.
 25125 | Orc:2    | Found Beoreig's Distillery.
 25125 | Orc:2    | Found Ruap's Book Boutique.
 25186 | Orc:2    | Bought a dented jade amulet for 145 gold pieces
 25186 | Orc:2    | Bought a scroll of identify for 58 gold pieces
 25186 | Orc:2    | Bought a potion of curing for 87 gold pieces
 25186 | Orc:2    | Bought a scroll of identify for 58 gold pieces
 25186 | Orc:2    | Bought an amethyst potion for 26 gold pieces
 25313 | Orc:2    | Bought a potion of invisibility for 104 gold pieces
 25313 | Orc:2    | Bought a potion of heal wounds for 65 gold pieces
 25313 | Orc:2    | Bought a potion of haste for 130 gold pieces
 25313 | Orc:2    | Bought a potion of degeneration for 13 gold pieces
 25382 | D:13     | You fall into a shaft and drop 2 floors!
 25382 | D:15     | Entered Level 15 of the Dungeon
 25687 | D:15     | Found a staircase to the Depths.
 25687 | D:15     | Noticed a fire giant
 25695 | D:15     | Found a snail-covered altar of Cheibriados.
 25936 | D:14     | Found a frozen archway.
 26024 | D:14     | Reached skill level 10 in Throwing
 26134 | IceCv    | Entered an ice cave
 26488 | IceCv    | Demolished by a dire elephant simulacrum

Illustrated notes

Levels and vault maps discovered:
D:1:      dpeg_arrival_rhombus, layout_loops_ring,
          nicolae_ecumenical_snake_handling, st_stairs_13
D:2:      layout_loops_ring, hangedman_decor_lopped
D:3:      layout_basic
D:4:      layout_basic, serial_rivers, chequers_serial_rivers_room_a,
          chequers_serial_rivers_micro_d, chequers_serial_rivers_micro_a,
          chequers_serial_rivers_micro_c, chequers_serial_rivers_small_b,
          chequers_serial_rivers_large_a, uniq_ijyb
D:5:      layout_basic, nicolae_elemental_shop, uniq_eustachio
D:6:      layout_loops_ring
D:7:      layout_basic, mainiacjoe_overflow_six_doors_small,
          fedhas_ov_isle_minmay, minmay_temple_entry_tees,
          kennysheep_generic_room_5
D:8:      layout_basic, gammafunk_ghost_spectres, uniq_maggie
D:9:      layout_loops_ring
D:10:     layout_irregular_city, lair_entry_dummy, enter_bailey_3
D:11:     layout_cave_pools, grunt_decor_cap, nicolae_stop_n_shop_2,
          uniq_josephine
D:12:     layout_gridville, orc_david_3, minmay_guarded_unrand_skullcrusher
D:13:     nicolae_cairo_tiling, layout_irregular_city, erik_vaults_1,
          uniq_rupert
D:14:     layout_stronghold, portal_ice_cave_entry_ugly_swarm,
          hangedman_decor_peaks_small
D:15:     grunt_enter_depths_giant_problem, layout_rooms, serial_park_paths
          [serial_park_minivault_5x5_4], special_room
          [special_room_mythical_zoo], nicolae_hepliaklqana_monster_ancestors
Lair:1:   layout_chaotic_city, ebering_ghost_disaster_area, lemuel_fruit_tree,
          infiniplex_staircase_pool, serial_bayou_shore_b
Lair:2:   layout_gridlike, minmay_shoals_entry_beasts, dummy_snake_entry,
          basic_altar, minmay_lair_oklob_bushes,
          nicolae_lair_grove_arrangements, disabler_island, uniq_harold,
          uniq_nergalle, uniq_erica
Lair:3:   layout_layer_cave, serial_bayou_shore_a
Lair:4:   layout_roguey, slime_entry_1
Lair:5:   minmay_lair_end_frog_pond, layout_hall_layers
Orc:1:    layout_caves, basic_altar, serial_shops, nicolae_shop_hallway_stairs
Orc:2:    grunt_orc_tribal_feast, layout_caves
IceCv:    ice_cave_small_necro

Skill      XL: |  1  2  3  4  5  6  7  8  9 10 11 12 13 14 15 |
---------------+----------------------------------------------+-----
Fighting       | 4 5 6 7 9 11 12 13 14 15 16 | 16.5
Axes           | 5 6 7 8 9 11 13 17 18 | 18.0
Armour         | 3 4 5 6 8 10 11 | 11.1
Evocations     | 3 6 7 9 10 | 10.0
Shields        | 5 8 11 | 11.0
Throwing       | 7 10 | 10.5
Dodging        | |  1.5

Action                   |  1- 3 |  4- 6 |  7- 9 | 10-12 | 13-15 || total
-------------------------+-------+-------+-------+-------+-------++-------
Melee: Hand axe          |   111 |   269 |    55 |       |       ||   435
       Punch             |       |     4 |     7 |     2 |       ||    13
       War axe           |       |       |   302 |    71 |       ||   373
       Broad axe         |       |       |       |   175 |   537 ||   712
       Trident           |       |       |       |       |    13 ||    13
Throw: Dart              |       |     1 |     5 |     4 |       ||    10
       Boomerang         |       |       |       |       |     6 ||     6
Invok: Berserk           |     2 |     3 |     3 |     8 |    11 ||    27
       Trog's Hand       |       |       |     2 |     1 |     6 ||     9
       Brothers in Arms  |       |       |       |       |     3 ||     3
Evoke: Wand              |       |       |     5 |    18 |    36 ||    59
       Lightning rod     |       |       |       |     3 |     6 ||     9
  Use: Scroll            |     1 |     3 |    10 |    10 |    10 ||    34
       Potion            |       |       |     1 |     1 |       ||     2
 Stab: Sleeping          |     2 |       |       |       |       ||     2
       Invisible         |       |       |       |       |     3 ||     3
       Distracted        |       |       |       |       |     1 ||     1
       Petrifying        |       |       |       |       |     1 ||     1
Armor: Animal skin       |    22 |       |       |       |       ||    22
       Ring mail         |    18 |    88 |       |       |       ||   106
       Plate armour      |       |    21 |   161 |   100 |   281 ||   563
Dodge: Dodged            |    76 |   125 |    86 |    68 |   108 ||   463
Block: Kite shield       |       |       |       |    20 |   259 ||   279

Table legend: (Time is in decaauts)
 A = Elapsed time spent in this place.
 B = Non-inter-level travel time spent in this place.
 C = Inter-level travel time spent in this place.
 D = Time resting spent in this place.
 E = Time spent auto-exploring this place.
 F = Levels seen in this place.
 G = Mean time per level.
                   A        B        C        D        E       F      G
               +--------+--------+--------+--------+--------+-----+--------+
         Total |  26685 |  25761 |    924 |   3363 |  19089 |  24 | 1111.9 |
       Dungeon |  16382 |  15726 |    656 |   2327 |  11355 |  15 | 1092.1 |
          Lair |   7825 |   7668 |    157 |    750 |   5990 |   5 | 1565.0 |
  Orcish Mines |   1596 |   1486 |    110 |      1 |   1321 |   2 |  798.0 |
        Bailey |    536 |    536 |      0 |    111 |    281 |   1 |  536.0 |
      Ice Cave |    345 |    345 |      0 |    172 |    141 |   1 |  345.0 |
               +--------+--------+--------+--------+--------+-----+--------+

Top non-repeatable levels by time:
  Lair:5: 2623 daAuts
    D:12: 1863 daAuts
     D:1: 1772 daAuts
     D:4: 1581 daAuts
     D:8: 1572 daAuts
  Lair:2: 1562 daAuts
    D:10: 1387 daAuts
  Lair:1: 1363 daAuts
     D:5: 1249 daAuts
     D:2: 1182 daAuts
     D:6: 1176 daAuts
  Lair:3: 1148 daAuts
  Lair:4: 1126 daAuts
     D:7: 1028 daAuts
   Orc:2: 1017 daAuts
